 Dungeon Crawl Stone Soup version 0.27-a0-1273-gec92ba881d (webtiles) character file.

Game seed: 5902442358110775399

67 mordus the Poker (level 4, 0/38 HPs)
             Began as a Draconian Monk on June 11, 2021.
             Slain by a goblin
             ... wielding a +0 dagger
             ... led by Robin
              (4 damage)
             ... on level 2 of the Dungeon.
             The game lasted 00:02:25 (1737 turns).

mordus the Poker (Draconian Monk)                   Turns: 1737, Time: 00:02:25

Health: 0/38       AC:  5    Str: 15    XL:     4   Next: 0%
Magic:  4/4        EV: 12    Int: 10    God:
Gold:   63         SH:  5    Dex: 13    Spells: 3/3 levels left

rFire    . . .     SeeInvis .   a - +0 spear
rCold    . . .     Faith    .   (no shield)
rNeg     . . .     Spirit   .   (armour unavailable)
rPois    .         Reflect  +   (helmet restricted)
rElec    .         Harm     .   (no cloak)
rCorr    .         Rampage  .   (no gloves)
Will     .....                  (no boots)
Stlth    ++........             d - amulet of reflection
HPRegen  0.12/turn              (no ring)
MPRegen  0.09/turn              (no ring)

@: no status effects
A: AC +5, unfitting armour, cold-blooded
a: no special abilities


You were on level 2 of the Dungeon.
You visited 1 branch of the dungeon, and saw 2 of its levels.

You collected 63 gold pieces.

Inventory:

Hand Weapons
 a - a +0 spear (weapon)
Jewellery
 d - an amulet of reflection (around neck)
Scrolls
 c - a scroll of silence {unknown}
 e - 2 scrolls of identify {unknown}
 f - a scroll of noise {unknown}
 j - a scroll of vulnerability {unknown}
 k - a scroll of enchant armour {unknown}
Potions
 b - a potion of degeneration {unknown}
 g - 2 potions of haste {unknown}
 h - 2 potions of flight {unknown}
 i - 2 potions of curing {unknown}


   Skills:
 - Level 3.2 Fighting
 + Level 4.9 Polearms
 - Level 2.6 Dodging
 - Level 1.7 Stealth


You had 3 spell levels left.
You didn't know any spells.
Your spell library was empty.

Dungeon Overview and Level Annotations

Branches:
Dungeon (2/15)

Altars:

Annotations:
D:2 Robin


Innate Abilities, Weirdness & Mutations

Your plain brown scales are hard. (AC +5)
You cannot fit into any form of body armour.
You are cold-blooded and may be slowed by cold attacks.


Message History

The adder is lightly wounded.
You feel sick. The adder misses you. The goblin closely misses you.
You closely miss the adder.
Your tail-slap misses the adder.
The adder is lightly wounded.
You feel sick. The adder misses you.
Robin roars a battlecry!
The goblins go into a battle-frenzy!
The adder bites you but does no damage.
You barely miss the goblin.
Your tail-slap misses the goblin.
You feel sick. The goblin hits you with a +0 club.
The goblin completely misses you. You block the adder's attack.
Robin says, "We wiped out the hill dwarves - you're next!"
Unknown command.
You hit the goblin but do no damage.
You feel sick.
You are no longer poisoned.
The goblin hits you but does no damage. The adder barely misses you.
The goblin barely misses you.
You barely miss the goblin. The adder bites you. The goblin misses you.
The goblin closely misses you.
You closely miss the goblin. You tail-slap the goblin.
You kill the goblin!
You block the adder's attack. The goblin misses you.
You closely miss the ball python. You block the ball python's attack. x2
The adder bites you. You block the goblin's attack.
You barely miss the ball python. You tail-slap the ball python.
You kill the ball python!
The adder closely misses you. Robin throws the goblin at you!
You block the goblin's attack. The adder closely misses you.
The goblin hits you with a +0 club.
You have reached level 4!
You feel stronger.
You barely miss the goblin. The goblin hits you with a +0 dagger.
* * * LOW HITPOINT WARNING * * *
The adder completely misses you.
You hit the goblin.
The goblin is moderately wounded.
The goblin hits you with a +0 club.
* * * LOW HITPOINT WARNING * * *
The adder misses you. The goblin hits you with a +0 dagger.
You die...

..........#.##......# ##
.........#.##......###..
#.......... #...........
#........####......#>... #
#....g<..............#
#.##.........###.......####
.....#.........#...........
........g###..............#
:.......gS@gg......###.####
......##.##gg.....## #..###
...........g#.....## ##....
.......###.####....#####.##
..####. #.# #.....8..∩..∩ .
# #.####.####.......
#...##.# #.......
.#####.#..###.∩......
#.........†...........


You could see an adder, 3 hobgoblins and 4 goblins.

Vanquished Creatures
  A gnoll (D:1)
  3 dart slugs (D:1)
  4 ball pythons
  3 bats (D:1)
  5 endoplasms (D:1)
  9 goblins
  4 hobgoblins
  5 jackals (D:1)
  6 kobolds
  2 quokkas (D:1)
  4 rats
46 creatures vanquished.

Notes
Turn   | Place    | Note
-------+----------+-------------------------------------------
     0 | D:1      | mordus the Draconian Monk began the quest for the Orb.
     0 | D:1      | Reached XP level 1. HP: 19/19 MP: 1/1
   281 | D:1      | Reached XP level 2. HP: 26/26 MP: 2/2
   580 | D:1      | HP: 1/26 [gnoll/+0 spear (5)]
   585 | D:1      | Reached skill level 4 in Polearms
   931 | D:1      | Reached XP level 3. HP: 26/31 MP: 3/3
  1676 | D:2      | Found a faded altar of an unknown god.
  1716 | D:2      | Noticed Robin
  1736 | D:2      | Reached XP level 4. HP: 12/38 MP: 4/4
  1737 | D:2      | Slain by a goblin

Illustrated notes

Levels and vault maps discovered:
D:1:      minmay_arrival_up_and_down, layout_basic
D:2:      layout_rooms, hellmonk_ecumenical_altar_arch_garden, uniq_robin

Skill      XL: |  1  2 |
---------------+-------+-----
Polearms       | 4 |  4.9
Fighting       | |  3.2
Dodging        | |  2.6
Stealth        | |  1.7

Action                   |  1- 3 |  4- 6 || total
-------------------------+-------+-------++-------
Melee: Spear             |   163 |     2 ||   165
       Tailslap          |    17 |       ||    17
 Stab: Sleeping          |     7 |       ||     7
       Distracted        |     2 |       ||     2
Armor: Skin              |    47 |       ||    47
Dodge: Dodged            |    71 |     2 ||    73
Block: Other             |    29 |       ||    29
       Reflection        |     1 |       ||     1

Table legend: (Time is in decaauts)
 A = Elapsed time spent in this place.
 B = Non-inter-level travel time spent in this place.
 C = Inter-level travel time spent in this place.
 D = Time resting spent in this place.
 E = Time spent auto-exploring this place.
 F = Levels seen in this place.
 G = Mean time per level.
                   A        B        C        D        E       F      G
               +--------+--------+--------+--------+--------+-----+--------+
         Total |   1724 |   1683 |     41 |    469 |    809 |   2 |  862.0 |
       Dungeon |   1724 |   1683 |     41 |    469 |    809 |   2 |  862.0 |
               +--------+--------+--------+--------+--------+-----+--------+

Top non-repeatable levels by time:
     D:1: 1556 daAuts
     D:2: 168 daAuts
